 Adventure DCSS version bcrawl-1.27.3 (webtiles) character file.

Game seed: 8063968088030389374

234189 galech the Chopper (level 7, 54/54 HPs)
             Began as a Demonspawn Fighter on Sept 21, 2020.
             Quit the game on level 3 of the Dungeon.
             The game lasted 00:03:40 (2887 turns).

galech the Chopper (Demonspawn Fighter)             Turns: 2887, Time: 00:03:40

Health: 54/54      AC:  9    Str: 19    XL:     7   Next: 0%
Magic:  7/7        EV:  7    Int:  9    God:
Gold:   263        SH:  9    Dex: 12    Spells: 6/6 levels left
                                        Lives:  2   Deaths: 0

rFire    + . .     SeeInvis .   a - +0 war axe
rCold    . . .     Gourm    .   c - +0 medium shield
rNeg     . . .     Faith    .   v - +2 ring mail {rPois}
rPois    +         Spirit   .   (helmet restricted)
rElec    .         Reflect  .   (no cloak)
rCorr    .         Harm     .   (no gloves)
MR       .....                  f - +0 pair of boots
Stlth    +.........             j - amulet of rage
HPRegen  0.18/turn              (no ring)
MPRegen  0.10/turn              (no ring)

@: no status effects
A: antennae 1, claws 1, talons 1, fire resistance 1, powered by pain 2
a: Evoke Berserk Rage


You were on level 3 of the Dungeon.
You were hungry.

You visited 1 branch of the dungeon, and saw 4 of its levels.

You collected 263 gold pieces.

Inventory:

Hand Weapons
 a - a +0 war axe (weapon)
Armour
 b - a +0 scale mail
 c - a +0 medium shield (worn)
 f - a +0 pair of boots (worn)
 v - a +2 ring mail of poison resistance (worn)
Jewellery
 j - an amulet of rage (around neck)
Scrolls
 i - a scroll of enchant weapon {unknown}
 l - 2 scrolls of identify
 m - 3 scrolls of remove curse {unknown}
 n - 3 scrolls of amnesia {unknown}
 p - 2 scrolls of fog {unknown}
 r - 2 scrolls of teleportation {unknown}
 u - 2 scrolls of enchant armour {unknown}
Potions
 d - a potion of might
 g - a potion of flight {unknown}
 h - a potion of haste {unknown}
 k - 2 potions of agility
 o - a potion of resistance {unknown}
 q - 2 potions of curing
 s - a potion of brilliance {unknown}
 t - a potion of degeneration {unknown}
Comestibles
 e - 5 rations {!d}


   Skills:
 + Level 4.0 Fighting
 + Level 5.0 Axes
 + Level 3.7 Armour
 + Level 1.1 Dodging
 + Level 0.2 Stealth
 + Level 3.7 Shields


You had 6 spell levels left.
You didn't know any spells.
Your spell library was empty.

Dungeon Overview and Level Annotations

Branches:
Dungeon (4/12)
 Temple: D:4-7

Altars:


Innate Abilities, Weirdness & Mutations

You have a pair of small antennae on your head.
You have sharp fingernails.
You have sharp toenails.
Your flesh is heat resistant. (rF+)
You sometimes gain power by taking damage.


Message History

The orc priest is severely wounded.
The orc priest closely misses you.
You hit the orc priest.
You kill the orc priest!
Your Fighting skill increases to level 4!
You have reached level 7!
Your demonic ancestry asserts itself...
Your toenails lengthen and sharpen.
Things that are here:
a +0 hand axe; a +0 ring mail There isn't anything to butcher here.
You start resting.
You feel a little less mighty now.
You feel a little less agile now.
HP restored.
There is an escape hatch in the ceiling here.
Done exploring.
Done exploring.
Done exploring.
Are you sure you want to abandon this character and quit the game? (Confirm with "yes".)

##############
##.....##.....##
##..............##
#................#
#................#
#.......>........#
#................#
#.........@......#
#................#
##..............##
##.....##.....##
###....#.########
### #...##...#
..####.####..##
#......# ##..#
###.#.####...#


There were no monsters in sight!

Vanquished Creatures
  A sky beast (D:3)
  A scorpion (D:3)
  3 jellies
  An orc priest (D:3)
  2 orc wizards (D:3)
  Jessica (D:2)
  3 gnolls (D:3)
  8 oozes
  4 worms
  6 dart slugs
  A leopard gecko (D:1)
  6 orcs
  3 giant cockroaches (D:2)
  A goblin (D:2)
  6 hobgoblins
  6 jackals
  14 kobolds
  4 quokkas
  A ball python (D:4)
  9 bats
  2 frilled lizards
  4 rats
  A fungus (D:2)
88 creatures vanquished.

Vanquished Creatures (others)
  12 toadstools (D:2)
12 creatures vanquished.

Grand Total: 100 creatures vanquished

Notes
Turn   | Place    | Note
-------+----------+-------------------------------------------
     0 | D:1      | galech the Demonspawn Fighter began the quest for the Orb.
     0 | D:1      | Reached XP level 1. HP: 18/18 MP: 1/1
   117 | D:1      | Reached skill level 2 in Axes
   196 | D:1      | Gained mutation: You sometimes gain a little power by
                  | taking damage. [demonic ancestry]
   196 | D:1      | Reached XP level 2. HP: 21/24 MP: 2/2
   756 | D:2      | Gained mutation: You sometimes gain power by taking damage.
                  | [demonic ancestry]
   756 | D:2      | Reached XP level 3. HP: 24/29 MP: 3/3
   924 | D:2      | Noticed Jessica
   944 | D:2      | Killed Jessica
   944 | D:2      | Reached skill level 3 in Axes
   944 | D:2      | Gained mutation: You have a pair of small antennae on your
                  | head. [demonic ancestry]
   944 | D:2      | Reached XP level 4. HP: 14/35 MP: 4/4
  1224 | D:2      | Gained mutation: Your flesh is heat resistant. (rF+)
                  | [demonic ancestry]
  1224 | D:2      | Reached XP level 5. HP: 28/41 MP: 5/5
  1335 | D:3      | Reached skill level 4 in Axes
  1702 | D:2      | Found a faded altar of an unknown god.
  2075 | D:3      | Noticed a sky beast
  2090 | D:3      | Killed a sky beast
  2090 | D:3      | Reached skill level 1 in Dodging
  2090 | D:3      | Gained mutation: You have sharp fingernails. [demonic
                  | ancestry]
  2090 | D:3      | Reached XP level 6. HP: 8/48 MP: 6/6
  2606 | D:3      | Reached skill level 5 in Axes
  2664 | D:3      | Gained mutation: You have sharp toenails. [demonic
                  | ancestry]
  2664 | D:3      | Reached XP level 7. HP: 17/54 MP: 7/7
  2887 | D:3      | Quit the game

Skill      XL: |  1  2  3  4  5  6 |
---------------+-------------------+-----
Axes           | 2 3 4 5 |  5.0
Armour         | 3 |  3.7
Shields        | 3 |  3.7
Dodging        | 1 |  1.1
Fighting       | 4 |  4.0
Stealth        | |  0.2

Action                   |  1- 3 |  4- 6 |  7- 9 || total
-------------------------+-------+-------+-------++-------
Melee: War axe           |    96 |   189 |       ||   285
  Use: Potion            |       |     2 |       ||     2
  Eat: Chunk             |     3 |     9 |       ||    12
       Ration            |       |     1 |       ||     1
Armor: Scale mail        |    63 |    56 |       ||   119
       Ring mail         |       |    43 |       ||    43
Dodge: Dodged            |    24 |    38 |       ||    62
Block: Medium shield     |    40 |    94 |       ||   134
